 Dungeon Crawl Stone Soup version 0.31-a0-844-gdc52ec4e09 (webtiles) character file.

Game seed: 14454860784728612506

18 javelincjr the Changeling (level 2, -5/21 HPs)
             Began as a Demonspawn Shapeshifter on Sept 29, 2023.
             Killed by nerve-wracking pain
             ... invoked by Jessica
              (10 damage)
             ... on level 2 of the Dungeon.
             The game lasted 00:01:30 (693 turns).

javelincjr the Changeling (Demonspawn Shapeshifter)  Turns: 693, Time: 00:01:30

Health: -5/21      AC:  2    Str: 14    XL:     2   Next: 48%
Magic:  2/2        EV: 12    Int: 11    God:
Gold:   33         SH:  0    Dex: 12    Spells: 1/1 levels left

rFire   . .          .
                       - Unarmed
rCold   . . .        (no shield)
rNeg    . . .        a - +0 animal skin
rPois   .            (helmet currently unavailable)
rElec   .            (cloak currently unavailable)
rCorr   .            (gloves currently unavailable)
SInv    .            (boots currently unavailable)
Will    .....        (no amulet)
Stlth   +            (no ring)
HPRegen 0.23/turn    (no ring)
MPRegen 0.08/turn

%: no passive effects
@: beast-form
A: beast (slay +1), antennae 1
a: Begin Untransformation


You were on level 2 of the Dungeon.
You were a hulking beast.
You visited 1 branch of the dungeon, and saw 2 of its levels.

You collected 33 gold pieces.

Inventory:

Missiles
 e - 55 stones
Armour
 a - a +0 animal skin (worn)
 h - a +0 plate armour
Talismans
 c - a beast talisman (active)
 d - a flux talisman
 k - a serpent talisman
Scrolls
 f - a scroll of teleportation {unknown}
 i - a scroll of amnesia {unknown}
 j - 3 scrolls of poison {unknown}
Potions
 b - a potion of lignification
 g - 2 potions of invisibility {unknown}


   Skills:
 + Level 1.4 Fighting
 + Level 2.1 Dodging
 + Level 2.9 Unarmed Combat
 * Level 2.9 Shapeshifting


You had one spell level left.
You didn't know any spells.
Your spell library was empty.

Dungeon Overview and Level Annotations

Branches:
Dungeon (2/15)

Altars:
Xom

Annotations:
D:2 Jessica


Innate Abilities, Weirdness & Mutations

You are a hulking beast.
Your limbs bulge with bestial killing power. (Slay +1)
You have a pair of small antennae on your head.


Message History

You barely miss the frilled lizard. You hit the frilled lizard.
The frilled lizard is heavily wounded.
The frilled lizard hisses.
The frilled lizard barely misses you.
You hit the frilled lizard.
You kill the frilled lizard!
Jessica casts a spell at you.
You barely resist.
Jessica points at you and mumbles some strange words.
You barely resist. Jessica casts a spell at you.
You feel yourself slow down.
Jessica mumbles some strange words.
Jessica blinks!
Found 2 javelins.
Jessica zaps a wand.
The puff of flame hits you.
You feel yourself speed up.
Jessica shouts, "You are a ghastly nuisance!"
Jessica casts a spell at you. Pain shoots through your body!
Ouch! That really hurt!
You closely miss Jessica. Jessica misses you.
You hit Jessica.
Jessica is lightly wounded.
Jessica mumbles something strange.
Jessica hits you with a +0 club.
* * * LOW HITPOINT WARNING * * *
You hit Jessica but do no damage.
Jessica is lightly wounded.
Jessica barely misses you.
You hit Jessica.
Jessica is severely wounded.
Jessica gestures at you while chanting.
You barely resist. You closely miss Jessica.
Jessica is severely wounded.
Jessica casts a spell at you. Pain shoots through your body!
You die...

...... .....
....## .... #@.# #
#.§# #.#).#
#.#..########.#
#.†..#.@h...(.#
#....#.##.########
##.#.#.##.### # #
#......# #......#
#..._..##
#.......###
####.........#
.....##.##...# ..


You could see Jessica.

Vanquished Creatures
  A dart slug (D:1)
  4 endoplasms (D:1)
  A giant cockroach (D:1)
  2 goblins
  A quokka (D:1)
  2 frilled lizards
  A kobold (D:2)
  3 rats (D:1)
15 creatures vanquished.

Notes
Turn   | Place    | Note
-------+----------+-------------------------------------------
     0 | D:1      | javelincjr the Demonspawn Shapeshifter began the quest for
                  | the Orb.
     0 | D:1      | Reached XP level 1. HP: 15/15 MP: 1/1
   268 | D:1      | Gained mutation: You have a pair of small antennae on your
                  | head. [demonic ancestry]
   268 | D:1      | Reached XP level 2. HP: 17/21 MP: 2/2
   651 | D:2      | Found a shimmering altar of Xom.
   664 | D:2      | Noticed Jessica
   693 | D:2      | Killed from afar by Jessica

Illustrated notes

Levels and vault maps discovered:
D:1:      minmay_arrival_shattered_statue, layout_basic
D:2:      layout_basic, basic_altar, amethyst_killhole, uniq_natasha,
          uniq_jessica

Skill      XL: |  1 |
---------------+----+-----
Dodging        | 2 |  2.1
Fighting       | |  1.4
Unarmed Combat | |  2.9
Shapeshifting  | |  2.9

Action                     || total
---------------------------++-------
  Melee: Unarmed           ||    47
   Stab: Sleeping          ||     1
 Armour: Animal skin       ||    14
  Dodge: Dodged            ||    27

Table legend: (Time is in decaauts)
 A = Elapsed time spent in this place.
 B = Non-inter-level travel time spent in this place.
 C = Inter-level travel time spent in this place.
 D = Time resting spent in this place.
 E = Time spent auto-exploring this place.
 F = Levels seen in this place.
 G = Mean time per level.
                   A        B        C        D        E       F      G
               +--------+--------+--------+--------+--------+-----+--------+
         Total |    695 |    670 |     25 |      0 |    524 |   2 |  347.5 |
       Dungeon |    695 |    670 |     25 |      0 |    524 |   2 |  347.5 |
               +--------+--------+--------+--------+--------+-----+--------+

Top non-repeatable levels by time:
     D:1: 645 daAuts
     D:2: 50 daAuts
